 Dungeon Crawl Stone Soup version 0.18-b1-2-gd0c887e (webtiles) character file.

88 Alarkh the Ruffian (level 4, -4/36 HPs)
             Began as a Draconian Transmuter on Apr 28, 2016.
             Killed from afar by Natasha (10 damage)
             ... with a wand of flame
             ... on level 2 of the Dungeon.
             The game lasted 00:02:06 (1445 turns).

Alarkh the Ruffian (Draconian Transmuter)           Turns: 1445, Time: 00:02:07

Health: -4/36      AC:  2    Str: 11    XL:     4   Next: 30%
Magic:  2/7        EV: 20    Int: 14    God:
Gold:   106        SH:  0    Dex: 16    Spells: 2 memorised, 3 levels left

rFire  . . .     SeeInvis .       - Unarmed
rCold  . . .     Gourm    .     (armour unavailable)
rNeg   . . .     Faith    .     (shield currently unavailable)
rPois  x         Spirit   .     (helmet currently unavailable)
rElec  .         Dismiss  .     (cloak currently unavailable)
rCorr  .         Reflect  .     (gloves currently unavailable)
SustAt .         Harm     .     (boots currently unavailable)
MR     .....                    (no amulet)
Stlth  +.........               (no ring)
                                d - -2 ring of strength (curse)

@: spider-form (expiring), very slightly contaminated, not resistant to hostile
enchantments, very unstealthy
A: unfitting armour, (cold-blooded), AC +5
a: End Transformation


You were on level 2 of the Dungeon.
You were not hungry.
You were a venomous arachnid creature.
You visited 1 branch of the dungeon, and saw 2 of its levels.

You collected 106 gold pieces.

Inventory:

Jewellery
 d - a cursed -2 ring of strength (left front leg)
Scrolls
 e - a scroll of immolation {unknown}
 g - 2 scrolls of teleportation
 h - a scroll of random uselessness {unknown}
 i - a scroll of noise {unknown}
 j - a scroll of magic mapping {unknown}
 m - 2 scrolls of identify {unknown}
 p - a scroll of remove curse {unknown}
Potions
 a - a potion of flight {unknown}
 k - a potion of might {unknown}
 l - 2 potions of magic {unknown}
 o - a potion of mutation {unknown}
Books
 b - a book of Changes

   Spells                             Type                      Level
   a - Beastly Appendage              Transmutation                1
   b - Sticks to Snakes               Transmutation                2
   c - Spider Form                    Transmutation/Poison         3
   d - Ice Form                       Ice/Transmutation            4
   e - Blade Hands                    Transmutation                5
Comestibles
 c - 2 bread rations
 f - a meat ration
 n - 8 chunks of flesh


   Skills:
 + Level 1.8 Fighting
 + Level 2.6 Dodging
 * Level 4.4 Unarmed Combat
 - Level 2.0 Spellcasting
 - Level 2.0 Transmutations


You had 3 spell levels left.
You knew the following spells:

 Your Spells              Type           Power        Failure   Level  Hunger
a - Beastly Appendage     Trmt           #.....       28%         1    ##.....
b - Spider Form           Trmt/Pois      #.........   69%         3    ####...


Dungeon Overview and Level Annotations

Branches:
Dungeon (2/15)

Altars:

Annotations:
D:2 Natasha


Innate Abilities, Weirdness & Mutations

((Your plain brown scales are hard (AC +5).))
Your body does not fit into most forms of armour.
((You are cold-blooded and may be slowed by cold attacks.))


Message History

You hit Natasha but do no damage.
Natasha is poisoned.
The crimson imp grinds its teeth.
The crimson imp blinks!
Natasha mumbles some strange words.
Natasha shimmers violently.
Natasha claws you.
You hit Natasha.
Natasha looks even sicker.
Natasha is lightly wounded.
Natasha barely misses you.
You closely miss Natasha.
Natasha is lightly wounded.
Natasha zaps a wand.
The puff of flame hits you!
* * * LOW HITPOINT WARNING * * *
A dart slug comes into view.
You closely miss Natasha.
Natasha is lightly wounded.
You barely miss Natasha.
Natasha is lightly wounded.
Natasha zaps a wand.
The puff of flame hits you!
You die...

.####....####.........>
......##..............#
#.##########.........#
.[# ##........# ###
#.....#.## ##.#....#
#.#..### #...w.#
#..#s#.# ....##h#.#
#.#### #.. . ###. ##


You could see Natasha and a dart slug (wandering).

Vanquished Creatures
  Jessica (D:2)
  An ooze (D:2)
  3 worms (D:2)
  2 dart slugs (D:2)
  A giant gecko (D:1)
  2 giant cockroaches (D:2)
  6 goblins
  4 hobgoblins
  4 jackals (D:1)
  7 kobolds
  A ball python (D:2)
  4 bats
  2 giant newts (D:1)
  5 rats (D:2)
43 creatures vanquished.

Notes
Turn   | Place    | Note
--------------------------------------------------------------
     0 | D:1      | Alarkh the Draconian Transmuter began the quest for the Orb.
     0 | D:1      | Reached XP level 1. HP: 16/16 MP: 3/3
    97 | D:1      | Reached XP level 2. HP: 12/23 MP: 5/5
   905 | D:2      | Reached XP level 3. HP: 18/28 MP: 6/6
   912 | D:2      | Learned a level 3 spell: Spider Form
  1281 | D:2      | Reached skill level 4 in Unarmed Combat
  1343 | D:2      | Noticed Jessica
  1353 | D:2      | Killed Jessica
  1353 | D:2      | Reached XP level 4. HP: 24/36 MP: 0/7
  1431 | D:2      | Noticed Natasha
  1445 | D:2      | Killed from afar by Natasha

Skill      XL: |  1  2  3 |
---------------+----------+-----
Dodging        | 2 |  2.6
Unarmed Combat | 4 |  4.4
Fighting       | |  1.8
Spellcasting   | |  2.0
Transmutations | |  2.0

Action                   |  1- 3 |  4- 6 || total
-------------------------+-------+-------++-------
Melee: Unarmed           |   141 |    13 ||   154
       Kick              |     9 |       ||     9
       Tailslap          |    10 |     1 ||    11
       Headbutt          |     5 |       ||     5
       Punch             |     1 |       ||     1
 Cast: Beastly Appendage |    15 |       ||    15
       Spider Form       |     2 |     1 ||     3
  Use: Scroll            |     1 |       ||     1
  Eat: Chunk             |     1 |     2 ||     3
Armor: Skin              |    35 |     2 ||    37
Dodge: Dodged            |   106 |     6 ||   112
